Map: Pylon LE

Players

Sindyr

  • Race: Zerg Zerg
  • League: Master
  • Spawn Location: 5:00

Terrano - Winner!

  • Race: Protoss Protoss
  • League: Gold
  • Spawn Location: 11:00

VOD

Have the link to the VOD?

Description

Time

  • Played on: Sept. 15, 2025, 1:19 p.m.
  • Length: 5:41
Show
View Real Time Build Order
Export as new Build Order

Sindyr Zerg 

Build Orders: Pool First 

Get SALT Encoding   

  12  0:01  Drone  
  13  0:16  Overlord  
  13  0:28  Drone  
  14  0:34  Drone x2  
  16  0:44  Drone  
  16  0:49  Extractor  
  16  0:52  Drone  
  16  0:53  Spawning Pool  
  16  1:00  Drone  
  17  1:24  Drone x2  
  19  1:30  Hatchery  
  18  1:40  Queen  
  18  1:46  Overlord  
  21  2:01  Drone  
  21  2:02  Overlord  
  21  2:20  Metabolic Boost  
  21  2:25  Drone  
  21  2:26  Evolution Chamber  
  21  2:27  Drone, Roach Warren  
  21  2:38  Lair  
  21  2:49  Queen  
  23  2:53  Drone  
  23  2:56  Drone  
  25  2:59  Drone  
  26  3:09  Roach  
  26  3:10  Roach  
  30  3:14  Roach  
  31  3:40  Zerg Missile Weapons Level 1  
  31  3:43  Extractor  
  30  3:54  Overlord  
  30  3:58  Drone  
  30  3:59  Drone  
  32  4:03  Drone  
  32  4:07  Hatchery  
  32  4:17  Pneumatized Carapace  
  32  4:24  Drone  
  32  4:25  Drone x3  
  32  4:30  Drone x2  
  38  4:32  Drone  
  38  4:34  Drone  
  40  4:38  Overseer  
  40  4:43  Roach  
  42  4:47  Roach  
  42  4:51  Roach  
  46  5:09  Overlord  
  46  5:11  Drone x6  
  52  5:19  Overlord  
  56  5:35  Extractor x2  
Show
View Real Time Build Order
Export as new Build Order

Terrano Protoss - Winner!

Build Orders:  

Get SALT Encoding   

  1  0:00  Probe  
  13  0:16  Pylon  
  13  0:17  Probe  
  14  0:29  Probe, Assimilator  
  15  0:41  Gateway  
  15  0:45  Probe  
  16  0:57  Probe  
  17  1:07  Gateway  
  17  1:08  Probe  
  18  1:17  Probe  
  18  1:25  Probe  
  20  1:35  Cybernetics Core  
  20  1:36  Probe  
  20  1:39  Zealot  
  23  2:03  Nexus  
  23  2:18  Pylon  
  23  2:19  Pylon  
  23  2:20  Warp Gate  
  23  2:36  Probe  
  24  2:37  Twilight Council  
  24  2:47  Zealot x2  
  28  2:53  Assimilator  
  28  3:03  Gateway  
  28  3:08  Gateway  
  28  3:16  Charge  
  28  3:31  Zealot x2  
  30  3:51  Probe x2  
  34  4:03  Probe x2  
  34  4:13  Gateway x2  
  34  4:15  Probe  
  35  4:24  Zealot x2  
  35  4:25  Zealot x2  
  43  4:33  Pylon  
  43  4:50  Zealot x4  
  51  5:11  Zealot x2  
  51  5:12  Zealot x3  
  61  5:25  Pylon  
  61  5:26  Pylon  
  61  5:32  Assimilator  
  61  5:33  Assimilator  
Tags
 
Matchup
PvZ
Opening
Pool First
Replay Pack
Multiplayer
Spawn Locations
Cross Positions
Add a new tag
Caveats
  • Supply blocks, unpowered buildings, or Contaminate may cause inaccurate times.
  • Supply counts are checked every 10 seconds.